cohdb
Replays
Latest Replays
All Replays
Popular Replays
Top Player Replays
Match Explorer
How It Works
Community
CoH3 Stats
Reddit
Sign in to upload your games and track your stats! →
Sign in with Steam
Match 46783752
Unlisted
Match 46783752
Overview
Messages
Build Orders
End
Kettenkrad Recon Vehicle
Construct Infanterie Kompanie
Selects Terror Battlegroup
MG 42 Machine Gun Team
Grenadier Squad
MG 42 Machine Gun Team
Construct Panzergrenadier Kompanie
Medical Station
Selects Machine Gun Camouflage
Panzergrenadier Squad
Support Elements
Selects Defend the Fatherland
Nebelwerfer 42 Rocket Launcher Team
Nebelwerfer 42 Rocket Launcher Team
Construct Panzer Kompanie
Sturmpanzer IV Brummbär
sewage bill
LITTLE TRICKSTER
Da Cracka Whacka
Chimp2010
RexyMR
travis7582
0
0
Comments
sign in to comment!
No comments posted yet!